 Dungeon Crawl Stone Soup version 0.29.1-15-g9cfb28693d (webtiles) character file.

Game seed: 16082103027103709089

60 Hugehornet the Poker (level 4, -2/35 HPs)
             Began as a Formicid Fighter on Apr 2, 2023.
             Killed from afar by Natasha (11 damage)
             ... with a puff of flame
             ... on level 2 of the Dungeon.
             The game lasted 00:01:07 (994 turns).

Hugehornet the Poker (Formicid Fighter)              Turns: 994, Time: 00:01:07

Health: -2/35      AC:  6    Str: 20    XL:     4   Next: 25%
Magic:  4/4        EV:  9    Int: 10    God:
Gold:   60         SH:  5    Dex: 13    Spells: 3/3 levels left

rFire   . . .      SeeInvis +   a - +0 trident
rCold   . . .      Faith    .   c - +0 buckler
rNeg    . . .      Spirit   .   b - +0 scale mail
rPois   .          Reflect  .   (helmet unavailable)
rElec   .          Harm     .   (no cloak)
rCorr   .          Rampage  .   (no gloves)
Will    .....                   (no boots)
Stlth   ..........              (no amulet)
HPRegen 0.11/turn               (no ring)
MPRegen 0.09/turn               (no ring)

@: no status effects
A: permanent stasis, dig shafts and tunnels, antennae 3, four strong arms
a: Dig, Shaft Self


You were on level 2 of the Dungeon.
You visited 1 branch of the dungeon, and saw 2 of its levels.

You collected 60 gold pieces.

Inventory:

Hand Weapons
 a - a +0 trident (weapon)
Armour
 b - a +0 scale mail (worn)
 c - a +0 buckler (worn)
 f - a +1 leather armour of fire resistance
Potions
 d - a potion of might
 e - a potion of resistance {unknown}
 g - a potion of flight {unknown}


   Skills:
 - Level 3.2 Fighting
 + Level 4.2 Polearms
 - Level 3.2 Armour
 - Level 4.0 Shields


You had 3 spell levels left.
You didn't know any spells.
Your spell library was empty.

Dungeon Overview and Level Annotations

Branches:
Dungeon (2/15)

Altars:

Annotations:
D:2 Natasha


Innate Abilities, Weirdness & Mutations

You cannot be hasted, slowed, berserked, paralysed or teleported.
You can dig through walls and to a lower floor.
You have a pair of large antennae on your head. (SInv)
Your four strong arms can wield two-handed weapons with a shield.


Message History

The white imp is severely wounded.
The white imp gestures at you. The puff of frost misses you.
You barely miss the white imp.
The white imp is severely wounded.
The white imp completely misses you.
You closely miss the white imp.
The white imp is severely wounded.
The white imp gestures at you.
The puff of frost hits you but does no damage.
Reach: a) +0 trident
Press: ? - help, Dir - move target, f - Natasha, p - white imp
Aim: Natasha, carrying a wand of flame (21) (about 49% to evade your +0 trident)
The white imp is in the way.
You puncture the white imp!
You kill the white imp!
The white imp disappears in a puff of smoke!
Natasha zaps a wand.
The puff of flame hits you.
Reach: a) +0 trident
Press: ? - help, Dir - move target, f/p - Natasha
Aim: Natasha, carrying a wand of flame (20) (about 49% to evade your +0 trident)
You reach to attack!
You hit Natasha.
Natasha is lightly wounded.
Natasha mumbles some strange words.
Natasha glows brightly for a moment.
Reach: a) +0 trident
Press: ? - help, Dir - move target, f/p - Natasha
Aim: Natasha, carrying a wand of flame (20) (lightly wounded, about 49% to evade your +0 trident)
You hit Natasha but do no damage.
Natasha is lightly wounded.
You block Natasha's attack. Natasha claws you.
You are too injured to fight recklessly!
You are too injured to fight recklessly!
You hit Natasha but do no damage.
Natasha is lightly wounded.
Natasha claws you!
* * * LOW HITPOINT WARNING * * *
You closely miss Natasha.
Natasha is lightly wounded.
Natasha zaps a wand.
The puff of flame hits you!
You die...

# .## .. ### .. ..###.
##..... ....#.# { #. ...
#@# #{. ..#. ##.# #h#
.#.. #..
####..####5###g.h.. ...
#.>..##............ #..
###.##......$).......
#.###...............#....
..##...............## #..
#.................##
#.#.................


You could see Natasha and a shadow imp (summoned).

Vanquished Creatures
  Jessica (D:2)
  2 bats (D:1)
  3 endoplasms (D:1)
  A giant cockroach (D:1)
  A hobgoblin (D:2)
  4 quokkas
  4 ball pythons (D:1)
  A frilled lizard (D:1)
  12 goblins
  A kobold (D:1)
  2 rats (D:1)
32 creatures vanquished.

Notes
Turn   | Place    | Note
-------+----------+-------------------------------------------
     0 | D:1      | Hugehornet the Formicid Fighter began the quest for the
                  | Orb.
     0 | D:1      | Reached XP level 1. HP: 18/18 MP: 1/1
    30 | D:1      | Found a faded altar of an unknown god.
    88 | D:1      | Reached XP level 2. HP: 24/24 MP: 2/2
   880 | D:2      | Reached XP level 3. HP: 24/29 MP: 3/3
   948 | D:2      | Noticed Natasha
   949 | D:2      | Noticed Jessica
   952 | D:2      | Killed Jessica
   953 | D:2      | Reached XP level 4. HP: 31/35 MP: 4/4
   994 | D:2      | Killed from afar by Natasha

Illustrated notes

Levels and vault maps discovered:
D:1:      dpeg_arrival_arbitrary_b, layout_basic,
          dreamdust_ecumenical_altar_statues
D:2:      wander_river, layout_rooms, minmay_curled_crystal, hex_large,
          minmay_pentomino_z4, uniq_jessica, uniq_natasha, uniq_robin

Skill      XL: |  1  2  3 |
---------------+----------+-----
Polearms       | 3 4 |  4.2
Fighting       | |  3.2
Armour         | |  3.2
Shields        | |  4.0

Action                   |  1- 3 |  4- 6 || total
-------------------------+-------+-------++-------
Melee: Trident           |    37 |    41 ||    78
Armor: Scale mail        |    11 |     5 ||    16
Dodge: Dodged            |     8 |     9 ||    17
Block: Buckler           |     7 |     7 ||    14
